 Dungeon Crawl Stone Soup version 0.28-a0-883-gc8d7bad45d (webtiles) character file.

Game seed: 18140848361953778829

1777 Anon1729 the Insei (level 8, -2/67 HPs)
             Began as a Yellow Draconian Transmuter on Nov 21, 2021.
             Was a Believer of Fedhas.
             Killed from afar by an orc wizard (6 damage)
             ... with a magic dart
             ... on level 6 of the Dungeon.
             The game lasted 00:06:04 (4906 turns).

Anon1729 the Insei (Yellow Draconian Transmuter)    Turns: 4906, Time: 00:06:04

Health: -2/67      AC:  6    Str: 10 (12) XL:     8   Next: 81%
Magic:  14/14      EV: 12    Int: 14 (16) God:    Fedhas [**....]
Gold:   291        SH:  0    Dex:  9 (12) Spells: 9/15 levels left

rFire   . . .      SeeInvis .     - Unarmed
rCold   . . .      Faith    .   (no shield)
rNeg    . . .      Spirit   .   (armour unavailable)
rPois   .          Reflect  .   (helmet restricted)
rElec   .          Harm     .   (no cloak)
rCorr   +          Rampage  .   (no gloves)
Will    .....                   (no boots)
Stlth   +.........              d - amulet of regeneration
HPRegen 1.21/turn               (no ring)
MPRegen 0.14/turn               (no ring)

@: confused, short of breath, wereblooded, attractive
A: spit acid, AC +6, unfitting armour, cold-blooded, acid resistance
a: Breathe Acid, Renounce Religion, Wall of Briars


You were on level 6 of the Dungeon.
You worshipped Fedhas.
Fedhas was pleased with you.
You visited 1 branch of the dungeon, and saw 6 of its levels.

You collected 291 gold pieces.

Inventory:

Jewellery
 d - an amulet of regeneration (around neck)
 j - a ring of ice
Wands
 r - a wand of flame (15)
 s - a wand of iceblast (6)
Scrolls
 b - 4 scrolls of identify {unknown}
 e - a scroll of torment {unknown}
 f - a scroll of holy word {unknown}
 g - 3 scrolls of immolation {unknown}
 h - 4 scrolls of teleportation {unknown}
 i - 2 scrolls of enchant armour {unknown}
 k - a scroll of magic mapping {unknown}
 l - 2 scrolls of enchant weapon {unknown}
 n - a scroll of vulnerability {unknown}
 o - a scroll of amnesia {unknown}
 t - a scroll of silence {unknown}
 u - a scroll of noise {unknown}
Potions
 a - a potion of might {unknown}
 c - a potion of degeneration
 m - 3 potions of attraction
 p - a potion of resistance {unknown}
 q - a potion of magic


   Skills:
 + Level 4.8 Fighting
 + Level 4.2 Dodging
 * Level 6.7 Unarmed Combat
 + Level 4.4 Spellcasting
 * Level 6.2 Transmutations


You had 9 spell levels left.
You knew the following spells:

 Your Spells              Type           Power      Damage    Failure   Level
a - Beastly Appendage     Tmut           40%        N/A       1%          1
b - Wereblood             Tmut           20%        N/A       2%          2
c - Spider Form           Tmut/Pois      11%        N/A       16%         3

Your spell library contained the following spells:

 Spells                   Type           Power      Damage    Failure   Level
 Animate Skeleton         Necr           6%         N/A       19%         1
 Apportation              Tloc           6%         N/A       19%         1
 Summon Small Mammal      Summ           12%        N/A       19%         1
 Static Discharge         Conj/Air       3%         N/A       28%         2
 Ice Form                 Ice/Tmut       11%        N/A       45%         4
 Lightning Bolt           Conj/Air       1%         1d12      99%         5
 Maxwell's Capacitive Co  Air            1%         ∞         100%        8


Dungeon Overview and Level Annotations

Branches:
Dungeon (6/15)
 Temple: D:4-7

Altars:
Ashenzari
Dithmenos
Fedhas
Gozag
Kikubaaqudgha
Qazlal
Xom
The Shining One


Innate Abilities, Weirdness & Mutations

You can spit globs of acid.
Your golden yellow scales are hard. (AC +6)
You cannot fit into any form of body armour.
You are cold-blooded and may be slowed by cold attacks.
You are resistant to acid. (rCorr)


Message History

The orc wizard closely misses you.
The orc priest invokes the aid of Beogh against you.
Beogh smites you!
* * * LOW HITPOINT WARNING * * *
You hit the orc priest. You punch the orc priest.
You feel a bit better.
You kill the orc priest!
Fedhas appreciates your contribution to the ecosystem.
The orc wizard gestures at you while chanting.
The puff of flame hits you!
* * * LOW HITPOINT WARNING * * *
The orc wizard closely misses you.
It was a potion of attraction.
You feel attractive to monsters. The orc wizard barely misses you.
The orc wizard closely misses you.
Okay, then.
Okay, then.
You closely miss the orc wizard.
The orc wizard is moderately wounded.
The orc wizard hits you with a +0 dagger.
* * * LOW HITPOINT WARNING * * *
The orc wizard hits you with a +0 dagger.
* * * LOW HITPOINT WARNING * * *
You hit the orc wizard.
Your tail-slap misses the orc wizard.
The orc wizard is severely wounded.
You howl as the wereblood boils in your veins!
The orc wizard closely misses you.
The orc wizard points at you and mumbles some strange words.
The magic dart hits you.
* * * LOW HITPOINT WARNING * * *
It was a potion of magic.
Magic courses through your body. The orc wizard casts a spell at you.
You are confused.
The orc wizard barely misses you.
It was a potion of degeneration.
There was something very wrong with that liquid.
You feel weakened.
You feel dopey.
You feel clumsy.
The orc wizard points at you and mumbles some strange words.
The magic dart hits you.
You die...
Fedhas appreciates your contribution to the ecosystem.

..........#.## .o
......#...... o..
.....#....###....
#.).......#...
#<)).)...... . #
##.....#.....
...#.#.†....# ...
........oo..## .
........@)..#
###.............
##......._....
##...........
#...........
#....#......
..?..##.....
....... .....


You could see 2 orc wizards.

Vanquished Creatures
  A shadow (D:5)
  A wyvern (D:5)
  An orc warrior (D:5)
  A black bear (D:6)
  4 ogres
  The ghost of askman the Shield-Bearer, an amateur DsFi of Xom (D:4)
  4 scorpions
  2 jellies (D:4)
  2 orc priests
  4 hounds (D:5)
  A centaur skeleton (D:4)
  A scorpion zombie (D:5)
  Ijyb (D:4)
  An orc wizard (D:4)
  Natasha (thrice) (D:3)
  A killer bee zombie (D:5)
  A hound skeleton (D:4)
  A howler monkey zombie (D:5)
  A gnoll (D:4)
  A howler monkey skeleton (D:5)
  3 adders
  2 white imps
  An ufetubus (D:5)
  A worm (D:2)
  4 dart slugs
  14 orcs
  3 bats (D:1)
  8 endoplasms
  2 giant cockroaches
  7 goblins
  8 hobgoblins
  7 kobolds
  3 quokkas
  8 ball pythons
  4 frilled lizards
  8 rats
116 creatures vanquished.

Vanquished Creatures (others)
  An orc (D:6)
1 creature vanquished.

Grand Total: 117 creatures vanquished

Notes
Turn   | Place    | Note
-------+----------+-------------------------------------------
     0 | D:1      | Anon1729 the Draconian Transmuter began the quest for the
                  | Orb.
     0 | D:1      | Reached XP level 1. HP: 16/16 MP: 3/3
   125 | D:1      | Reached XP level 2. HP: 19/23 MP: 3/5
   786 | D:1      | Reached XP level 3. HP: 29/29 MP: 6/6
  1210 | D:2      | Found a blossoming altar of Fedhas.
  1231 | D:2      | Became a worshipper of Fedhas Madash
  1715 | D:3      | Reached XP level 4. HP: 36/36 MP: 5/7
  1792 | D:3      | Learned a level 2 spell: Wereblood
  1867 | D:3      | Noticed Natasha
  1873 | D:3      | Killed Natasha
  1955 | D:3      | Found a broken altar of Ashenzari.
  1968 | D:3      | Found a shimmering altar of Xom.
  2475 | D:3      | Noticed Natasha
  2484 | D:3      | Killed Natasha
  2485 | D:3      | Reached XP level 5. HP: 40/41 MP: 7/9
  2595 | D:3      | Noticed Natasha
  2605 | D:3      | Killed Natasha
  2625 | D:4      | Noticed an ogre
  2633 | D:4      | Learned a level 3 spell: Spider Form
  2648 | D:4      | Killed an ogre
  2710 | D:4      | Reached * piety under Fedhas
  2737 | D:4      | Reached XP level 6. HP: 50/50 MP: 10/10
  2926 | D:4      | Noticed Ijyb
  2937 | D:4      | Killed Ijyb
  2983 | D:4      | Found a transporter.
  3084 | D:4      | Noticed askman's ghost (amateur DsFi)
  3121 | D:4      | Found a transporter.
  3267 | D:4      | Your scales start taking on a golden yellow colour.
  3267 | D:4      | Reached XP level 7. HP: 48/57 MP: 8/12
  3267 | D:4      | Gained mutation: You are resistant to acid. (rCorr) [Yellow
                  | Draconian growth]
  3409 | D:4      | Reached skill level 5 in Unarmed Combat
  3971 | D:4      | Killed askman's ghost
  4005 | D:5      | Entered Level 5 of the Dungeon
  4043 | D:5      | Reached skill level 5 in Transmutations
  4085 | D:5      | Noticed a wyvern
  4089 | D:5      | Noticed a shadow
  4098 | D:5      | Killed a wyvern
  4099 | D:5      | Reached XP level 8. HP: 28/66 MP: 13/13
  4199 | D:5      | Reached ** piety under Fedhas
  4298 | D:5      | Found an ancient bone altar of Kikubaaqudgha.
  4628 | D:5      | Found a faded altar of an unknown god.
  4628 | D:5      | Found a stormy altar of Qazlal.
  4636 | D:5      | Found a faded altar of an unknown god.
  4638 | D:5      | Found a glowing golden altar of the Shining One.
  4640 | D:5      | Found an opulent altar of Gozag.
  4838 | D:6      | Found a shadowy altar of Dithmenos.
  4904 | D:6      | HP: 1/67 [orc wizard/magic dart (4)]
  4906 | D:6      | Killed from afar by an orc wizard

Illustrated notes

Levels and vault maps discovered:
D:1:      lightli_arrival_isolated_outpost, layout_rooms
D:2:      layout_rooms, basic_altar, grunt_ministairs_3, minmay_pentomino_w2
D:3:      layout_basic, general_overflow_altar, mainiacjoe_overflow_catwalk,
          uniq_natasha
D:4:      layout_basic, gammafunk_ghost_arena, serial_co_window_serial,
          co_window_paths_b, co_window_paths_a, co_window_corner_a,
          co_window_paths_b, co_window_paths_b, co_window_paths_a,
          co_window_paths_b, co_window_paths_b, co_window_paths_a,
          co_window_unsneaky_path_e, co_window_corner_ca, co_window_2corner,
          co_window_broadway_b, co_window_corner_b, co_window_paths_d,
          co_window_4corner_b, uniq_ijyb
D:5:      kennysheep_big_flooded_room, layout_loops_ring,
          mainiacjoe_overflow_boulevard, chequers_temple_overflow_minitemple
D:6:      layout_cave_pools, overflow_temple_1_default, serial_gnoll_camp,
          gnoll_camp_medium_02, gnoll_camp_mini_doghouse, gnoll_camp_mini_hut,
          gnoll_camp_mini_hut, gnoll_camp_mini_loothouse

Skill      XL: |  1  2  3  4  5  6  7  8 |
---------------+-------------------------+-----
Dodging        | 2 3 4 |  4.2
Fighting       | 2 3 4 |  4.8
Transmutations | 3 4 5 6 |  6.2
Unarmed Combat | 4 5 6 |  6.7
Spellcasting   | 3 4 |  4.4

Action                   |  1- 3 |  4- 6 |  7- 9 || total
-------------------------+-------+-------+-------++-------
Melee: Unarmed           |   142 |   121 |   140 ||   403
       Headbutt          |    13 |    10 |    14 ||    37
       Kick              |    12 |    23 |    40 ||    75
       Tailslap          |    15 |    11 |    21 ||    47
       Punch             |       |     2 |     6 ||     8
 Cast: Beastly Appendage |    26 |    19 |    12 ||    57
       Spider Form       |       |     3 |       ||     3
       Wereblood         |       |       |     2 ||     2
 Abil: Breathe Acid      |       |       |     5 ||     5
Evoke: Wand              |       |       |     1 ||     1
  Use: Potion            |       |       |     4 ||     4
 Stab: Sleeping          |     2 |       |       ||     2
       Distracted        |       |     1 |       ||     1
Armor: Skin              |    53 |    27 |    38 ||   118
Dodge: Dodged            |   113 |    35 |    97 ||   245

Table legend: (Time is in decaauts)
 A = Elapsed time spent in this place.
 B = Non-inter-level travel time spent in this place.
 C = Inter-level travel time spent in this place.
 D = Time resting spent in this place.
 E = Time spent auto-exploring this place.
 F = Levels seen in this place.
 G = Mean time per level.
                   A        B        C        D        E       F      G
               +--------+--------+--------+--------+--------+-----+--------+
         Total |   4888 |   4705 |    183 |     29 |   3798 |   6 |  814.7 |
       Dungeon |   4888 |   4705 |    183 |     29 |   3798 |   6 |  814.7 |
               +--------+--------+--------+--------+--------+-----+--------+

Top non-repeatable levels by time:
     D:4: 1389 daAuts
     D:3: 1050 daAuts
     D:1: 967 daAuts
     D:5: 853 daAuts
     D:2: 591 daAuts
     D:6: 35 daAuts
